 Dungeon Crawl Stone Soup version 0.25-a0-42-g6c54e25894 (webtiles) character file.

Game seed: 5770294113398574966, levelgen mode: deterministic

175 Chiseanne the Skirmisher (level 5, 42/42 HPs)
             Began as a Demonspawn Wanderer on Oct 22, 2019.
             Quit the game on level 2 of the Dungeon.
             The game lasted 00:03:11 (2096 turns).

Chiseanne the Skirmisher (Demonspawn Wanderer)      Turns: 2096, Time: 00:03:12

Health: 42/42      AC:  5    Str: 16    XL:     5   Next: 29%
Magic:  6/6        EV: 11    Int: 10    God:
Gold:   37         SH:  0    Dex: 13    Spells: 4/4 levels left

rFire    . . .     SeeInvis .   a - +2 quarterstaff
rCold    . . .     Gourm    .   (shield currently unavailable)
rNeg     . . .     Faith    .   p - +0 ring mail
rPois    .         Spirit   +   (no helmet)
rElec    .         Reflect  .   (no cloak)
rCorr    .         Harm     .   (no gloves)
MR       .....                  (no boots)
Stlth    ++........             (no amulet)
HPRegen  0.14/turn              n - ring of stealth
MPRegen  0.10/turn              (no ring)

@: no status effects
A: talons 1, magic shield, sanguine armour 2
a: no special abilities


You were on level 2 of the Dungeon.
You were not hungry.

You visited 1 branch of the dungeon, and saw 2 of its levels.

You collected 37 gold pieces.

Inventory:

Hand Weapons
 a - a +2 quarterstaff (weapon)
Missiles
 e - 76 stones (quivered)
 h - 17 poisoned darts
 i - 8 atropa-tipped darts
 o - 27 sling bullets
Armour
 d - a +0 chain mail
 p - a +0 ring mail (worn)
Jewellery
 n - a ring of stealth (left hand)
Scrolls
 b - 2 scrolls of teleportation
 g - a scroll of immolation {unknown}
 j - a scroll of magic mapping {unknown}
 k - a scroll of noise {unknown}
 l - a scroll of amnesia {unknown}
Potions
 c - a potion of lignification
Comestibles
 f - 3 rations
 m - 6 chunks of flesh


   Skills:
 * Level 3.7 Fighting
   Level 1.7 Long Blades
 - Level 1.7 Staves
 * Level 2.1 Armour
 * Level 2.6 Dodging
 - Level 1.7 Stealth
   Level 2.0 Evocations


You had 4 spell levels left.
You didn't know any spells.
Your spell library was empty.

Dungeon Overview and Level Annotations

Branches:
Dungeon (2/15)

Altars:


Innate Abilities, Weirdness & Mutations

You have sharp toenails.
When hurt, damage is shared between your health and your magic reserves.
When seriously injured, your bleeding wounds create thick armour. (AC +0)


Message History

You sock the goblin!
You kill the goblin!
No target in view!
No target in view!
No target in view!
No target in view!
No target in view!
No target in view!
No target in view!
No target in view!
No target in view!
No target in view!
No target in view!
No target in view!
No target in view!
No target in view!
No target in view!
Things that are here:
a +0 dagger; a goblin corpse Are you sure you want to abandon this character and quit the game? (Confirm with "yes".)

.....##..........#
...............#.#
...........###.#.#
......#.##.# #.#.#
....#.#.##.###.#.#
......#.##.....#.#
##.#..#.########.#
.....#.# #.#
...#..#.# #@# #.#
#.# #.# #.# #.#
#.. ###


There were no monsters in sight!

Vanquished Creatures
  Sigmund (D:2)
  A worm (D:1)
  2 dart slugs (D:1)
  2 giant cockroaches
  5 goblins
  3 hobgoblins (D:1)
  A bat (D:1)
  3 frilled lizards (D:1)
  A kobold (D:1)
  A rat (D:1)
20 creatures vanquished.

Notes
Turn   | Place    | Note
-------+----------+-------------------------------------------
     0 | D:1      | Chiseanne the Demonspawn Wanderer began the quest for the
                  | Orb.
     0 | D:1      | Chiseanne set off with the following items: a +2
                  | quarterstaff, a scroll of teleportation, a potion of
                  | lignification, a +0 robe, a +0 dagger, a ration
     0 | D:1      | Reached XP level 1. HP: 16/16 MP: 2/2
   604 | D:1      | Reached skill level 1 in Dodging
   604 | D:1      | Gained mutation: When seriously injured, your bleeding
                  | wounds create armour. (AC +0) [demonic ancestry]
   604 | D:1      | Reached XP level 2. HP: 23/23 MP: 3/3
  1209 | D:2      | Noticed Sigmund
  2006 | D:2      | Killed Sigmund
  2006 | D:2      | Reached skill level 3 in Fighting
  2006 | D:2      | Gained mutation: You have sharp toenails. [demonic
                  | ancestry]
  2006 | D:2      | Reached XP level 3. HP: 30/30 MP: 4/4
  2006 | D:2      | Gained mutation: When hurt, damage is shared between your
                  | health and your magic reserves. [demonic ancestry]
  2006 | D:2      | Reached XP level 4. HP: 37/37 MP: 5/5
  2006 | D:2      | Gained mutation: When seriously injured, your bleeding
                  | wounds create thick armour. (AC +0) [demonic ancestry]
  2006 | D:2      | Reached XP level 5. HP: 42/42 MP: 6/6
  2096 | D:2      | Quit the game

Levels and vault maps discovered:
D:1:      evilmike_arrival_run_for_it, layout_loops_corners
D:2:      layout_basic, lemuel_coloured_pillars_altar, first_ration,
          nemelex_diamond_rough_becter, uniq_terence, uniq_sigmund

Skill      XL: |  1  2 |
---------------+-------+-----
Dodging        | 1 2 |  2.6
Fighting       | 3 |  3.7
Armour         | 2 |  2.1
Long Blades    | |  1.7
Staves         | |  1.7
Stealth        | |  1.7
Evocations     | |  2.0

Action                   |  1- 3 |  4- 6 || total
-------------------------+-------+-------++-------
Melee: Quarterstaff      |    44 |     4 ||    48
  Use: Scroll            |     2 |       ||     2
       Potion            |     2 |       ||     2
 Stab: Sleeping          |     2 |       ||     2
  Eat: Ration            |     1 |       ||     1
Armor: Skin              |    13 |     3 ||    16
       Ring mail         |     6 |     1 ||     7
       Robe              |     2 |       ||     2
Dodge: Dodged            |    20 |     1 ||    21

Table legend:
 A = Non-vault XP
 B = Vault XP
 C = Vault XP percentage of total XP
 D = Non-vault monster count
 E = Vault monster count
 F = Vault count percentage of total count
                 A         B        C        D         E       F
            +---------+---------+-------+---------+---------+-------
      Total |      33 |     217 |  86.8 |      18 |       2 |  10.0
            +---------+---------+-------+---------+---------+-------
        D:1 |      27 |       5 |  15.6 |      15 |       1 |   6.2
        D:2 |       6 |     212 |  97.2 |       3 |       1 |  25.0
            +---------+---------+-------+---------+---------+-------
